 Dungeon Crawl Stone Soup version 0.27.0-1-g7a089689b8 (webtiles) character file.

Game seed: 4256529844596295768

73 horus123 the Ducker (level 4, 0/34 HPs)
             Began as a Demonspawn Gladiator on Aug 16, 2021.
             Slain by a gnoll (5 damage)
             ... on level 2 of the Dungeon.
             The game lasted 00:02:50 (1624 turns).

horus123 the Ducker (Demonspawn Gladiator)          Turns: 1624, Time: 00:02:50

Health: 0/34       AC:  3    Str: 15    XL:     4   Next: 8%
Magic:  4/4        EV: 12    Int:  9    God:
Gold:   109        SH:  0    Dex: 15    Spells: 3/3 levels left

rFire    . . .     SeeInvis .   a - +0 long sword
rCold    . . .     Faith    +   (no shield)
rNeg     . . .     Spirit   .   b - +0 leather armour
rPois    .         Reflect  .   (helmet restricted)
rElec    .         Harm     .   (no cloak)
rCorr    .         Rampage  .   (no gloves)
Will     .....                  (no boots)
Stlth    +.........             e - amulet of faith
HPRegen  0.11/turn              (no ring)
MPRegen  0.09/turn              (no ring)

@: no status effects
A: antennae 1, powered by pain 1, spiny 1
a: no special abilities


You were on level 2 of the Dungeon.
You visited 1 branch of the dungeon, and saw 2 of its levels.

You collected 109 gold pieces.

Inventory:

Hand Weapons
 a - a +0 long sword (weapon)
Missiles
 d - 4 throwing nets (quivered)
Armour
 b - a +0 leather armour (worn)
 c - a +0 helmet
 g - a +0 ring mail
Jewellery
 e - an amulet of faith (around neck)
Scrolls
 i - a scroll of holy word {unknown}
 j - a scroll of amnesia
 k - a scroll of fear {unknown}
Potions
 f - a potion of degeneration {unknown}
 h - 3 potions of curing


   Skills:
 + Level 2.3 Fighting
 + Level 3.3 Long Blades
 + Level 1.9 Throwing
 + Level 1.2 Armour
 * Level 3.3 Dodging


You had 3 spell levels left.
You didn't know any spells.
Your spell library was empty.

Dungeon Overview and Level Annotations

Branches:
Dungeon (2/15)

Altars:


Innate Abilities, Weirdness & Mutations

You have a pair of small antennae on your head.
You sometimes gain a little power by taking damage.
You are partially covered in sharp spines.


Message History

The gnoll is lightly wounded.
The gnoll is struck by your spines. The gnoll completely misses you.
You hit the gnoll.
The gnoll is heavily wounded.
The gnoll hits you with a +0 club.
You hit the gnoll.
You kill the gnoll!
You have reached level 4!
You feel stronger.
Your demonic ancestry asserts itself...
A pair of antennae grows on your head!
Your +0 helmet falls away!
A gnoll comes into view. It is wielding a +0 spear.
The gnoll shouts!
You see here a throwing net.
A gnoll is nearby!
The gnoll completely misses you. The gnoll closely misses you.
You see here a throwing net.
d - 4 throwing nets (gained 1)
The gnoll hits you from afar with a +0 spear!
The gnoll closely misses you.
You riposte.
You barely miss the gnoll. You hit the gnoll.
The gnoll is lightly wounded.
The gnoll hits you with a +0 spear!
* * * LOW HITPOINT WARNING * * *
The gnoll closely misses you.
You hit the gnoll but do no damage.
The gnoll is lightly wounded.
The gnoll closely misses you.
You barely miss the gnoll.
The gnoll is lightly wounded.
The gnoll is struck by your spines. The gnoll hits you with a +0 spear.
* * * LOW HITPOINT WARNING * * *
You hit the gnoll.
The gnoll is severely wounded.
The gnoll closely misses you.
You barely miss the gnoll.
The gnoll is severely wounded.
The gnoll closely misses you. The gnoll hits you with a +0 spear.
You die...

*,*
****,,,,,,.##
#...<.# #.#
*,*
*,,,,..,,,..#
##...### #.#
*,*
*,***#.***#.#
#.....#####..
*,* *,* #.##
#.#
#...........#
*,* *,* *..#
#.#
#.....#######
*,* *,* *#.#
#)#
##...########
*,* *,*
##.###)#
##.###......
*,*
#.####...##.#
##...##.#####
*,*
#........g@.#
#.......# *,*
#######...####
#....#### #.#
#........##
#.#.## #.#
#.########
#...#*** #.#
#.# ##...,,*
#.# #.#
#.##*,* #.#
#.# #.* *,*
#.# #.# #.*
*,* #.# #.#
*,* *,*


You could see a gnoll.

Vanquished Creatures
  2 gnolls (D:2)
  An adder (D:2)
  A dart slug (D:1)
  5 endoplasms
  A giant cockroach (D:1)
  3 goblins
  3 hobgoblins (D:1)
  4 jackals (D:1)
  3 quokkas (D:1)
  3 ball pythons
  3 bats
  4 frilled lizards (D:1)
  5 kobolds
  4 rats
42 creatures vanquished.

Notes
Turn   | Place    | Note
-------+----------+-------------------------------------------
     0 | D:1      | horus123 the Demonspawn Gladiator began the quest for the
                  | Orb.
     0 | D:1      | Reached XP level 1. HP: 16/16 MP: 1/1
   189 | D:1      | Gained mutation: You are partially covered in sharp spines.
                  | [demonic ancestry]
   189 | D:1      | Reached XP level 2. HP: 22/22 MP: 2/2
   724 | D:1      | Gained mutation: You sometimes gain a little power by
                  | taking damage. [demonic ancestry]
   724 | D:1      | Reached XP level 3. HP: 18/27 MP: 3/3
  1324 | D:2      | Reached skill level 1 in Armour
  1614 | D:2      | Gained mutation: You have a pair of small antennae on your
                  | head. [demonic ancestry]
  1614 | D:2      | Reached XP level 4. HP: 22/34 MP: 4/4
  1624 | D:2      | Slain by a gnoll

Illustrated notes

Levels and vault maps discovered:
D:1:      saegor_arrival_simple_b, layout_basic, st_stairs_1
D:2:      layout_loops_ring, basic_altar

Skill      XL: |  1  2  3 |
---------------+----------+-----
Long Blades    | 3 |  3.3
Dodging        | 3 |  3.3
Armour         | 1 |  1.2
Fighting       | |  2.3
Throwing       | |  1.9

Action                   |  1- 3 |  4- 6 || total
-------------------------+-------+-------++-------
Melee: Long sword        |    42 |     5 ||    47
  Use: Scroll            |     6 |       ||     6
Armor: Leather armour    |    31 |       ||    31
Dodge: Dodged            |    75 |     7 ||    82
       Rpst.: Long sword |    22 |     1 ||    23
